 Dungeon Crawl Stone Soup version 0.22-a0-815-gb582571 (webtiles) character file.

91 iamserjio the Conjurer (level 4, -16/24 HPs)
             Began as a Tengu Fire Elementalist on July 23, 2018.
             Killed by miscasting Sticky Flame (36 damage)
             ... on level 3 of the Dungeon.
             The game lasted 00:06:09 (885 turns).

iamserjio the Conjurer (Tengu Fire Elementalist)     Turns: 885, Time: 00:06:10

Health: -16/24     AC:  2    Str:  9    XL:     4   Next: 59%
Magic:  4/8        EV: 13    Int: 16    God:
Gold:   126        SH:  0    Dex: 17    Spells: 2/7 levels left

rFire    . . .     SeeInvis .   r - +0 hunting sling
rCold    . . .     Gourm    .   (no shield)
rNeg     . . .     Faith    .   a - +0 robe
rPois    .         Spirit   .   (helmet restricted)
rElec    .         Reflect  .   (no cloak)
rCorr    .         Harm     +   (no gloves)
MR       .....     Rnd*Tele +   (boots unavailable)
Stlth    ++........             i - amulet of harm
HPRegen  0.08/turn              l - ring of teleportation (curse)
MPRegen  0.11/turn              g - +3 ring of dexterity

@: very slightly contaminated
A: beak, talons 3
a: no special abilities


You were on level 3 of the Dungeon.
You were hungry.

You visited 1 branch of the dungeon, and saw 3 of its levels.

You collected 126 gold pieces.

Inventory:

Hand Weapons
 b - a +0 short sword
 j - a +0 spear
 r - a +0 hunting sling (weapon)
 v - a +0 hunting sling
Missiles
 s - 6 stones (quivered)
Armour
 a - a +0 robe (worn)
Jewellery
 g - a +3 ring of dexterity (right hand)
 i - an amulet of harm (around neck)
 l - a cursed ring of teleportation (left hand)
Scrolls
 e - 2 scrolls of magic mapping {unknown}
 f - a scroll of noise {unknown}
 k - a scroll of amnesia {unknown}
 n - 2 scrolls of teleportation {unknown}
 o - a scroll of enchant weapon {unknown}
 p - a scroll of fear {unknown}
 q - a scroll of identify {unknown}
Potions
 d - a potion of invisibility {unknown}
 h - a potion of lignification {unknown}
 m - a potion of magic {unknown}
 t - a potion of curing {unknown}
Comestibles
 c - 3 rations
 u - a chunk of flesh


   Skills:
 - Level 2.1 Dodging
 - Level 2.0 Stealth
 + Level 2.0 Spellcasting
 - Level 5.5 Conjurations
 * Level 3.3 Fire Magic


You had 2 spell levels left.
You knew the following spells:

 Your Spells              Type           Power        Failure   Level  Hunger
a - Flame Tongue          Conj/Fire      ###..        3%          1    #......
b - Sticky Flame          Conj/Fire      ###.....     32%         4    #####..

Your spell library contained the following spells:

 Spells                   Type           Power        Failure   Level  Hunger
 Magic Dart               Conj           ###.         1%          1    #......
 Fireball                 Conj/Fire      ###.......   67%         5    ######.
 Conjure Flame            Conj/Fire      ###.....     10%         3    ###....
 Slow                     Hex            #.......     30%         2    ###....
 Throw Flame              Conj/Fire      ###...       4%          2    ###....
 Mephitic Cloud           Conj/Pois/Air  #.......     28%         3    ###....
 Blink                    Tloc           N/A          30%         2    ###....
 Call Imp                 Summ           #.......     30%         2    ###....
 Inner Flame              Hex/Fire       #.......     30%         3    ###....


Dungeon Overview and Level Annotations

Branches:
Dungeon (3/15)

Altars:
Cheibriados


Innate Abilities, Weirdness & Mutations

You have a beak for a mouth.
You have claws for feet.


Message History

Press: ? - help, Shift-Dir - straight line, f - worker ant
Aim: a worker ant You shoot a stone.
The stone barely misses the worker ant.
The stone hits the goblin.
The goblin is moderately wounded.
Firing (i - inventory)
s - 7 stones (quivered)
Press: ? - help, Shift-Dir - straight line, f/p - worker ant
Aim: a worker ant You shoot a stone.
The stone hits the worker ant.
The worker ant is moderately wounded.
Casting: Flame Tongue (safe; 3% risk of failure)
Confirm with . or Enter, or press ? or * to list all spells.
Aiming: Sticky Flame (quite dangerous; 32% risk of failure)
Press: ? - help, Shift-Dir - straight line, f/p - worker ant
Aim: a worker ant (moderately wounded)
You miscast Sticky Flame.
You are very lightly contaminated with residual magic.
You are caught in a fiery explosion!
The explosion engulfs you!
Ouch! That really hurt!
You die...

########### #.........#
#####.#######.#
#.....#######.# #
###.###.........#####.####
#.....#.###.....@a(.g.o...
#.###.#.# #.###.##.##.##..
.. #.#.# # #.##)#
#.###.#.# #....# #.....#..
.....##.# # ###.#.###
.###.##.#####.# ###.#.##
#.##.......# .......#
#.#...(.#### ###.#.##
..###.......#


You could see a worker ant, an orc and a goblin.

Vanquished Creatures
  Robin (D:2)
  A gnoll (D:1)
  2 adders (D:2)
  An ooze (D:1)
  A worm (D:2)
  3 bats (D:1)
  A giant cockroach (D:2)
  12 goblins
  7 hobgoblins
  3 jackals (D:3)
  A quokka (D:3)
  A ball python (D:2)
  3 frilled lizards
  3 kobolds
  4 rats (D:1)
44 creatures vanquished.

Notes
Turn   | Place    | Note
-------+----------+-------------------------------------------
     0 | D:1      | iamserjio the Tengu Fire Elementalist began the quest for the Orb.
     0 | D:1      | Reached XP level 1. HP: 10/10 MP: 4/4
    36 | D:1      | Reached skill level 2 in Conjurations
   172 | D:1      | Reached XP level 2. HP: 12/15 MP: 1/6
   202 | D:1      | Reached skill level 3 in Conjurations
   452 | D:1      | Reached skill level 4 in Conjurations
   452 | D:1      | Reached XP level 3. HP: 19/19 MP: 4/7
   616 | D:2      | Noticed Robin
   622 | D:2      | Killed Robin
   624 | D:2      | Reached skill level 5 in Conjurations
   624 | D:2      | Reached XP level 4. HP: 12/24 MP: 0/8
   684 | D:2      | Found a snail-covered altar of Cheibriados.
   789 | D:3      | Learned a level 4 spell: Sticky Flame
   885 | D:3      | Killed by miscasting Sticky Flame

Vault maps used:
D:1:      ebering_hopf_link
D:2:      kennysheep_slug_shrine, serial_glass, glass_columns_c,
          glass_columns_b, uniq_robin
D:3:      nicolae_overflow_hidden_temple, first_ration

Skill      XL: |  1  2  3 |
---------------+----------+-----
Conjurations   | 2 4 5 |  5.5
Dodging        | |  2.1
Stealth        | |  2.0
Spellcasting   | |  2.0
Fire Magic     | |  3.3

Action                   |  1- 3 |  4- 6 || total
-------------------------+-------+-------++-------
Melee: Short sword       |     6 |       ||     6
       Kick              |     4 |     4 ||     8
       Spear             |    26 |    26 ||    52
       Peck              |     2 |     2 ||     4
 Fire: Hunting sling     |       |     3 ||     3
 Cast: Flame Tongue      |    33 |    18 ||    51
Armor: Robe              |     1 |     7 ||     8
Dodge: Dodged            |    17 |    25 ||    42

Table legend:
 A = Spawn XP
 B = Non-spawn XP
 C = Spawn XP percentage of total XP
 D = Spawn monster count
 E = Non-spawn monster count
 F = Spawn count percentage of total count
 G = Total turns spent on level
                    A         B        C        D         E        F      G
               +---------+---------+-------+---------+---------+-------+---------
         Total |       0 |     131 |   0.0 |       0 |      44 |   0.0 |   885
               +---------+---------+-------+---------+---------+-------+---------
           D:1 |       0 |      38 |   0.0 |       0 |      14 |   0.0 |   317
           D:2 |       0 |      81 |   0.0 |       0 |      23 |   0.0 |   447
           D:3 |       0 |      12 |   0.0 |       0 |       7 |   0.0 |   121
               +---------+---------+-------+---------+---------+-------+---------
